 Dungeon Crawl Stone Soup version 0.28-a0-1389-gc726bef33b (webtiles) character file.

Game seed: 3635220735426440287

92 Cheeritup the Chopper (level 4, -12/37 HPs)
             Began as a Palentonga Berserker on Jan 3, 2022.
             Was a Believer of Trog.
             Mangled by an ogre (29 damage)
             ... on level 2 of the Dungeon.
             The game lasted 00:05:34 (1828 turns).

Cheeritup the Chopper (Palentonga Berserker)        Turns: 1828, Time: 00:05:35

Health: -12/37     AC:  5    Str: 20    XL:     4   Next: 35%
Magic:  4/4        EV:  9    Int:  8    God:    Trog [**....]
Gold:   57         SH:  0    Dex: 11    Spells: 3/3 levels left

rFire   . . .      SeeInvis +   a - +0 hand axe
rCold   . . .      Faith    .   (no shield)
rNeg    . . .      Spirit   .   j - +0 ring mail
rPois   .          Reflect  .   (no helmet)
rElec   .          Harm     .   (no cloak)
rCorr   .          Rampage  .   (no gloves)
Will    ++...                   (no barding)
Stlth   +.........              (no amulet)
HPRegen 1.12/turn               c - ring of flight
MPRegen 0.09/turn               (no ring)

@: strong-willed, flying, regenerating
A: large, rugged brown scales 3, see invisible, deformed body, roll 1, armoured
tail
a: Rolling Charge, Renounce Religion, Berserk, Trog's Hand


You were on level 2 of the Dungeon.
You worshipped Trog.
Trog was pleased with you.
You visited 1 branch of the dungeon, and saw 2 of its levels.

You collected 57 gold pieces.

Inventory:

Hand Weapons
 a - a +0 hand axe (weapon)
Armour
 b - a +0 animal skin
 j - a +0 ring mail (worn)
Jewellery
 c - a ring of flight (left hand)
 k - a +6 ring of dexterity
Scrolls
 d - a scroll of amnesia {unknown}
 f - a scroll of magic mapping {unknown}
 g - 3 scrolls of identify {unknown}
 h - a scroll of teleportation {unknown}
Potions
 e - 2 potions of curing {unknown}
 i - a potion of flight {unknown}


   Skills:
 - Level 3.0 Fighting
 + Level 5.2 Axes
 - Level 1.6 Armour
 - Level 1.6 Dodging


You had 3 spell levels left.
You didn't know any spells.
Your spell library was empty.

Dungeon Overview and Level Annotations

Branches:
Dungeon (2/15)

Altars:

Shops:
D:2 !


Innate Abilities, Weirdness & Mutations

You are completely covered in rugged brown scales. (AC +3, +7% HP)
You have supernaturally acute eyesight. (SInv)
Armour fits poorly on your strangely shaped body.
You can roll at nearby foes to attack.
You have a long armoured tail.


Message History

You feel sick. The adder bites you.
You are more poisoned.
The adder poisons you!
You barely miss the adder.
Your tail-slap misses the adder.
The adder is severely wounded.
You feel sick.
The adder bites you but does no damage. x2
You barely miss the adder.
The adder is severely wounded.
You closely miss the hobgoblin.
You feel sick. The hobgoblin closely misses you.
The adder bites you but does no damage.
You hit the adder but do no damage. You tail-slap the adder.
The adder is almost dead.
You hit the hobgoblin.
You feel sick. The adder closely misses you.
The hobgoblin hits you but does no damage.
You hit the adder. You tail-slap the adder.
You kill the adder!
Trog accepts your kill.
You hit the hobgoblin but do no damage.
You feel sick. The hobgoblin barely misses you.
You feel sick.
You are no longer poisoned.
The hobgoblin barely misses you.
You see here an adder corpse.
You closely miss the hobgoblin.
The hobgoblin is severely wounded.
The ogre shouts!
The hobgoblin barely misses you.
You hit the hobgoblin.
The hobgoblin is almost dead.
The hobgoblin closely misses you.
You slash the hobgoblin!
You kill the hobgoblin!
Trog accepts your kill.
You see here a jackal corpse.
Your skin crawls.
You feel strong-willed.
Found a stone staircase leading down.
The ogre hits you with a +0 giant club!!
Ouch! That really hurt!
You die...

.....##†####
.......††..#
.....##.##.# ...
#.##.### 8.8.8#......
#.##.#.# .⌠.⌠...
..##.##.#.# 8.∩.8. .
......#.#.# .⌠.⌠.
...>##.#O...#
8.8.8.#..#......@....#
.........#...##...##.#
#.#...#..#...##...##.#
#.#................#.#
#.#...#..............#
#.#...#..#...###...#.#
#.#...#..)...# #...#.#
#.##..#..#..# #...#.#
<........#..####...#.#


You could see an ogre.

Vanquished Creatures
  A howler monkey skeleton (D:2)
  2 adders (D:2)
  A worm (D:2)
  A dart slug (D:2)
  3 endoplasms
  2 giant cockroaches (D:1)
  7 hobgoblins
  6 jackals
  4 ball pythons
  3 bats (D:1)
  3 frilled lizards
  8 goblins
  9 kobolds
  5 rats
55 creatures vanquished.

Vanquished Creatures (others)
  4 plants (D:1)
4 creatures vanquished.

Grand Total: 59 creatures vanquished

Notes
Turn   | Place    | Note
-------+----------+-------------------------------------------
     0 | D:1      | Cheeritup the Palentonga Berserker began the quest for the
                  | Orb.
     0 | D:1      | Reached XP level 1. HP: 19/19 MP: 1/1
    33 | D:1      | Reached XP level 2. HP: 6/25 MP: 2/2
   589 | D:1      | Reached skill level 4 in Axes
   752 | D:1      | Reached XP level 3. HP: 31/31 MP: 3/3
   844 | D:1      | Found a faded altar of an unknown god.
   905 | D:1      | Reached ** piety under Trog
  1627 | D:2      | Noticed an ogre
  1681 | D:2      | Found Paimp's Distillery.
  1707 | D:2      | Reached XP level 4. HP: 31/37 MP: 4/4
  1714 | D:2      | Reached skill level 5 in Axes
  1828 | D:2      | Mangled by an ogre

Illustrated notes

Levels and vault maps discovered:
D:1:      eino_arrival_water_star, layout_basic, serial_forest,
          infiniplex_forest_end_3, infiniplex_forest_end_double,
          infiniplex_forest_join, infiniplex_forest_diagonal,
          infiniplex_forest_lined_3_way, infiniplex_forest_clump_tiny,
          shapermc_ecumenical_altar_mp_ritualfount
D:2:      wad_crossroads, layout_basic, serial_shops,
          nicolae_shop_temple_entry_statues_fountains

Skill      XL: |  1  2  3  4 |
---------------+-------------+-----
Axes           | 4 5 |  5.2
Fighting       | |  3.0
Armour         | |  1.6
Dodging        | |  1.6

Action                   |  1- 3 |  4- 6 || total
-------------------------+-------+-------++-------
Melee: Hand axe          |   153 |    52 ||   205
       Tailslap          |    31 |     5 ||    36
Invok: Berserk           |     3 |       ||     3
       Trog's Hand       |       |     1 ||     1
 Abil: Rolling Charge    |    18 |     1 ||    19
Armor: Animal skin       |    29 |       ||    29
       Ring mail         |    11 |    22 ||    33
Dodge: Dodged            |    49 |    39 ||    88

Table legend: (Time is in decaauts)
 A = Elapsed time spent in this place.
 B = Non-inter-level travel time spent in this place.
 C = Inter-level travel time spent in this place.
 D = Time resting spent in this place.
 E = Time spent auto-exploring this place.
 F = Levels seen in this place.
 G = Mean time per level.
                   A        B        C        D        E       F      G
               +--------+--------+--------+--------+--------+-----+--------+
         Total |   1874 |   1841 |     33 |    415 |    880 |   2 |  937.0 |
       Dungeon |   1874 |   1841 |     33 |    415 |    880 |   2 |  937.0 |
               +--------+--------+--------+--------+--------+-----+--------+

Top non-repeatable levels by time:
     D:1: 1302 daAuts
     D:2: 571 daAuts
